 Dungeon Crawl Stone Soup version 0.23.1 (webtiles) character file.

Game seed: 8178605072532682867

1939 Marnok the Cleaver (level 9, -7/78 HPs)
             Began as a Hill Orc Fighter on Mar 15, 2019.
             Was a Follower of Cheibriados.
             Mangled by an ogre
             ... wielding a +0 giant club
              (15 damage)
             ... on level 8 of the Dungeon.
             The game lasted 00:26:00 (5504 turns).

Marnok the Cleaver (Hill Orc Fighter)               Turns: 5504, Time: 00:26:01

Health: -7/78      AC: 11    Str: 22 (24) XL:     9   Next: 18%
Magic:  9/9        EV:  9    Int:  8 (10) God:    Cheibriados [*.....]
Gold:   292        SH: 10    Dex: 11 (12) Spells: 8/8 levels left

rFire    . . .     SeeInvis .   a - +3 war axe
rCold    . . .     Gourm    .   c - +0 shield
rNeg     . . .     Faith    .   b - +0 scale mail
rPois    .         Spirit   .   h - +1 hat
rElec    .         Reflect  .   e - +2 cloak
rCorr    .         Harm     .   (no gloves)
MR       .....                  (no boots)
Stlth    ..........             v - amulet of the acrobat
HPRegen  0.23/turn              (no ring)
MPRegen  0.11/turn              (no ring)

@: lethally poisoned (-7 -> -9), very slow
A: no striking features
a: Bend Time, Renounce Religion


You were on level 8 of the Dungeon.
You worshipped Cheibriados.
Cheibriados was aware of your devotion.
You were not hungry.

You visited 1 branch of the dungeon, and saw 8 of its levels.

You collected 292 gold pieces.

Inventory:

Hand Weapons
 a - a +3 war axe (weapon)
 p - a +0 whip of freezing
 q - the cursed +13 scythe of Curses {drain, *Curse}
   (You found it on level 8 of the Dungeon)

   A truly terrible weapon, it drains the life of those it strikes.
   It curses itself when equipped.
   It has a curse placed upon it.
Armour
 b - a +0 scale mail (worn)
 c - a +0 shield (worn)
 e - a +2 cloak (worn)
 h - a +1 hat (worn)
 t - a +0 chain mail
Jewellery
 v - an amulet of the acrobat (around neck)
 x - an uncursed ring of wizardry
Wands
 k - a wand of disintegration (8)
 l - a wand of paralysis (4)
 w - a wand of iceblast (7)
Scrolls
 d - a scroll of fog
 j - a scroll of immolation
 m - a scroll of identify
 s - a scroll of summoning {unknown}
Potions
 g - 2 potions of haste
 n - 3 potions of lignification
 r - a potion of magic
Comestibles
 f - 10 rations


   Skills:
 + Level 6.5 Fighting
 + Level 10.5 Axes
 + Level 5.6 Armour
 + Level 1.6 Dodging
 + Level 0.6 Stealth
 + Level 6.7 Shields
 + Level 0.4 Evocations


You had 8 spell levels left.
You didn't know any spells.
Your spell library was empty.

Dungeon Overview and Level Annotations

Branches:
Dungeon (8/15)
 Temple: D:4-7         Lair: D:8-11

Altars:
Cheibriados
Elyvilon

Shops:
D:6 =

Annotations:
D:6 Menkaure


Message History

You feel sick. You block the killer bee's attack.
The killer bee stings you but does no damage.
As you read the scroll of teleportation, it crumbles to dust.
You feel strangely unstable.
You feel sick. The killer bee stings you.
* * * LOW HITPOINT WARNING * * *
You block the killer bee's attack.
You feel sick. The killer bee barely misses you.
The killer bee completely misses you.
You feel sick. The killer bee completely misses you.
Your surroundings suddenly seem different.
You feel sick.
An ogre comes into view. It is wielding a +0 giant club.
The ogre shouts!
The ogre hits you with a +0 giant club!
* * * LOW HITPOINT WARNING * * *
You barely miss the ogre. You hit the ogre.
The ogre is moderately wounded.
You feel sick. The ogre hits you with a +0 giant club!
You die...

###
...
#.#
#.#
#@#
+O.#
#....
######


You could see an ogre.

Vanquished Creatures
  Pikel (D:8)
  A steam dragon (D:7)
  An ice beast (D:6)
  2 ogres
  2 centaurs
  2 bullfrogs (D:6)
  2 scorpions
  A killer bee (D:8)
  A howler monkey (D:4)
  4 crimson imps
  3 hounds
  A quasit (D:8)
  2 orc priests (D:8)
  A jelly (D:5)
  2 orc wizards (D:5)
  3 worker ants
  2 worker ant zombies (D:7)
  5 adders
  A howler monkey zombie (D:5)
  A howler monkey skeleton (D:4)
  A shadow imp (D:6)
  2 adder skeletons
  4 dart slugs
  4 leopard geckos
  12 orcs
  A ball python (D:1)
  3 giant cockroaches
  6 goblins
  9 hobgoblins
  3 jackals (D:3)
  5 quokkas
  4 bats
  4 frilled lizards
  4 kobolds
  6 rats
106 creatures vanquished.

Notes
Turn   | Place    | Note
-------+----------+-------------------------------------------
     0 | D:1      | Marnok the Hill Orc Fighter began the quest for the Orb.
     0 | D:1      | Reached XP level 1. HP: 19/19 MP: 1/1
   169 | D:1      | Reached XP level 2. HP: 27/27 MP: 2/2
   644 | D:2      | Reached XP level 3. HP: 17/33 MP: 3/3
   847 | D:2      | Reached skill level 3 in Axes
  2276 | D:3      | Reached XP level 4. HP: 37/40 MP: 4/4
  3155 | D:5      | Entered Level 5 of the Dungeon
  3188 | D:4      | Reached skill level 4 in Axes
  3398 | D:4      | Noticed a centaur
  3402 | D:4      | Reached XP level 5. HP: 25/46 MP: 5/5
  3689 | D:5      | Reached skill level 5 in Axes
  3697 | D:5      | Reached XP level 6. HP: 39/53 MP: 6/6
  3701 | D:5      | Reached skill level 1 in Dodging
  3952 | D:5      | Reached skill level 6 in Axes
  3956 | D:5      | Found a white marble altar of Elyvilon.
  4002 | D:5      | Reached XP level 7. HP: 53/60 MP: 7/7
  4154 | D:4      | Reached skill level 5 in Fighting
  4154 | D:4      | Reached skill level 7 in Axes
  4154 | D:4      | Reached skill level 5 in Shields
  4579 | D:6      | Found a snail-covered altar of Cheibriados.
  4582 | D:6      | Became a worshipper of Cheibriados the Contemplative
  4786 | D:6      | Reached skill level 8 in Axes
  4786 | D:6      | Reached XP level 8. HP: 63/69 MP: 8/8
  4812 | D:6      | Found Evvai's Jewellery Boutique.
  4812 | D:6      | Noticed Menkaure
  4907 | D:7      | Reached skill level 5 in Armour
  5205 | D:7      | Reached skill level 9 in Axes
  5221 | D:7      | Reached * piety under Cheibriados
  5406 | D:8      | Found the cursed +13 scythe of Curses {drain, *Curse}
  5418 | D:8      | Noticed Pikel
  5425 | D:8      | Killed Pikel
  5425 | D:8      | Reached skill level 10 in Axes
  5425 | D:8      | Reached XP level 9. HP: 78/78 MP: 9/9
  5504 | D:8      | Mangled by an ogre

Skill      XL: |  1  2  3  4  5  6  7  8 |
---------------+-------------------------+-----
Fighting       | 4 5 6 |  6.5
Axes           | 3 4 5 6 8 10 | 10.5
Shields        | 4 5 6 |  6.7
Armour         | 4 5 |  5.6
Dodging        | 1 |  1.6
Stealth        | |  0.6
Evocations     | |  0.4

Action                   |  1- 3 |  4- 6 |  7- 9 || total
-------------------------+-------+-------+-------++-------
Melee: War axe           |   128 |   132 |   121 ||   381
Evoke: Wand              |       |       |     2 ||     2
  Use: Potion            |     2 |     7 |     3 ||    12
       Scroll            |       |     9 |     3 ||    12
  Eat: Chunk             |     3 |     4 |     4 ||    11
       Ration            |       |     1 |       ||     1
Armor: Scale mail        |    61 |    55 |    43 ||   159
       Skin              |       |     4 |       ||     4
Dodge: Dodged            |    57 |    55 |    63 ||   175
Block: Shield            |    70 |    77 |    77 ||   224
